 Dungeon Crawl Stone Soup version 0.32-a0-981-g384da2ce10 (webtiles) character file.

Game seed: 5265077793304488512

19849 jasper the Cruncher (level 12, -4/84 HPs)
             Began as an Octopode Earth Elementalist on Apr 20, 2024.
             Was a Priest of Ashenzari.
             Blown up by a great orb of eyes (25 damage)
             ... with a mindburst bolt
             ... in a Gauntlet.
             The game lasted 00:21:05 (12848 turns).

jasper the Cruncher (Octopode Earth Elementalist)  Turns: 12848, Time: 00:21:06

Health: -4/84      AC: 11    Str:  7    XL:     12   Next: 73%
Magic:  7/20       EV: 21    Int: 22    God:    Ashenzari [***...]
Gold:   598        SH:  0    Dex: 13    Spells: 1/22 levels left

rFire   + + .        j - melded staff of Ashenzari's Augurer (curse) {Earth, Elem, Fort} (curse)
rCold   + + .        h - melded +0 buckler of the Salamander {Int+3}
rNeg    + + +        z - melded +2 hat of the Oracular Secrets {Cun, Fort} (curse)
rPois   ∞            c - melded amulet of the Eye in the Sky {RegenMP+ rCorr Str+3, Self, Sorc} (curse)
rElec   +            n - melded ring of the Eye in the Sky {Fly, Range, Self} (curse)
rCorr   +            r - melded ring "Pangnostic Jealousy" {EV+5, Range, Sorc} (curse)
SInv    +            u - melded +5 ring of evasion
Will    .....        H - melded ring "Enigmatic Foul Odours" {MP+9, Fort, Cun} (curse)
Stlth   +++          L - melded ring of magical power
HPRegen 0.34/turn    M - melded ring of wizardry
MPRegen 0.17/turn    (ring currently unavailable)
                     (ring currently unavailable)

%: no teleportation, clarity
@: wisp-form, flying
A: insubstantial, flying, no casting, almost no armour, (amphibious), (8 rings),
tiny, (camouflage 1), (gelatinous body 1), (nimble swimmer 1), (tentacles)
a: Renounce Religion, Shatter the Chains


You were in a Gauntlet.
You worshipped Ashenzari.
Ashenzari was most pleased with you.
You were an insubstantial wisp.
You visited 3 branches of the dungeon, and saw 14 of its levels.
You also visited: Sewer and Gauntlet.

You collected 688 gold pieces.
You spent 90 gold pieces at shops.

Inventory:

Hand Weapons
 d - a +0 falchion
 k - a +0 spear
 m - a +1 vampiric short sword
Missiles
 i - 42 poisoned darts
 E - 2 throwing nets
Armour
 h - the +0 buckler of the Salamander (melded) {Int+3}
   (You acquired it on level 2 of the Dungeon)

   Int+3:     It affects your intelligence (+3).
 z - the cursed +2 hat of the Oracular Secrets (melded) {Cun, Fort}
   (You found it on level 6 of the Dungeon)

   It has a curse which improves the following skills: Cunning: Dodging and
   Stealth.
   Fortitude: Shields.
Magical Staves
 j - the cursed staff of Ashenzari's Augurer (melded) {Earth, Elem, Fort}
   (You acquired it on level 2 of the Dungeon)

   [staff of earth]

   Base accuracy: +5 Base damage: 5 Base attack delay: 1.2 This weapon's minimum
   attack delay (0.6) is reached at skill level 12.
   Earth:     It increases the power of your Earth spells.
   It falls into the 'Staves' category.
   It is a two-tentacled weapon.
   It has a curse which improves the following skills: Elements: Fire Magic, Ice
   Magic, Air Magic and Earth Magic.
   Fortitude: Shields.
Jewellery
 c - the cursed amulet of the Eye in the Sky (melded) {RegenMP+ rCorr Str+3, Self, Sorc}
   (You acquired it on level 2 of the Dungeon)

   [amulet of magic regeneration]

   It increases your rate of magic regeneration.
   Str+3:     It affects your strength (+3).
   rCorr:     It protects you from acid and corrosion.
   RegenMP+:  It increases your rate of magic regeneration.
   It has a curse which improves the following skills: Introspection: Fighting
   and Spellcasting.
   Sorcery:   Conjurations and Alchemy.
 n - the cursed ring of the Eye in the Sky (melded) {Fly, Range, Self}
   (You found it on level 3 of the Dungeon)

   [ring of flight]

   Fly:       It grants you flight.
   It has a curse which improves the following skills: Ranged Combat: Ranged
   Weapons and Throwing.
   Introspection: Fighting and Spellcasting.
 r - the cursed ring "Pangnostic Jealousy" (melded) {EV+5, Range, Sorc}
   (You found it on level 4 of the Dungeon)

   [ring of evasion]

   EV+5:      It affects your evasion (+5).
   It has a curse which improves the following skills: Ranged Combat: Ranged
   Weapons and Throwing.
   Sorcery:   Conjurations and Alchemy.
 u - a +5 ring of evasion (melded)
 F - an amulet of guardian spirit
 H - the cursed ring "Enigmatic Foul Odours" (melded) {MP+9, Fort, Cun}
   (You found it on level 9 of the Dungeon)

   [ring of magical power]

   MP+9:      It affects your magic capacity (+9).
   It has a curse which improves the following skills: Fortitude: Shields.
   Cunning:   Dodging and Stealth.
 L - a ring of magical power (melded)
 M - a ring of wizardry (melded)
Wands
 o - a wand of iceblast (13)
 t - a wand of paralysis (15)
 A - a wand of flame (23)
 G - a wand of digging (8)
Scrolls
 q - a scroll of fear
 s - a scroll of amnesia
 v - a scroll of vulnerability
 w - a scroll of enchant armour
 y - a scroll of immolation
 C - a scroll of butterflies
 I - a scroll of enchant weapon
 J - a scroll of poison
 K - a scroll of blinking
Potions
 a - 2 potions of magic
 b - a potion of berserk rage
 e - 2 potions of resistance
 f - 3 potions of curing
 g - 5 potions of attraction
 l - 3 potions of enlightenment
 p - a potion of might
 x - 2 potions of brilliance
 B - 2 potions of mutation
 D - 2 potions of ambrosia


   Skills:
 - Level 8.8 Fighting
 * Level 10.7 Staves
 - Level 6.0 Dodging
 - Level 5.3 Stealth
 - Level 5.4 Shields
 - Level 5.5 Spellcasting
 - Level 5.0 Conjurations
 - Level 3.7 Air Magic
 - Level 7.0 Earth Magic
 + Level 8.3 Evocations


You had one spell level left.
You knew the following spells:

 Your Spells              Type           Power      Damage    Failure   Level
a - Sandblast             Erth           72%        2d16      1%          1
b - Passwall              Erth           36%        N/A       1%          3
c - Stone Arrow           Conj/Erth      64%        3d11      2%          3
d - Brom's Barrelling Bo  Conj/Erth      32%        2d5       9%          4
e - Swiftness             Air            22%        N/A       6%          3
f - Mephitic Cloud        Conj/Alch/Air  18%        N/A       9%          3
g - Leda's Liquefaction   Alch/Erth      10%        N/A       22%         4

Your spell library contained the following spells:

 Spells                   Type           Power      Damage    Failure   Level
 Shock                    Conj/Air       100%       1d9       1%          1
 Freeze                   Ice            24%        1d4       10%         1
 Dazzling Flash           Conj/Hex       34%        N/A       11%         3
 Hailstorm                Conj/Ice       17%        3d6       11%         3
 Airstrike                Air            11%        2d(2-18)  21%         4
 Petrify                  Alch/Erth      21%        N/A       22%         4
 Call Canine Familiar     Summ           6%         N/A       28%         3
 Frozen Ramparts          Ice            12%        1d2       28%         3
 Ignite Poison            Fire/Alch      6%         N/A       67%         4
 Sticky Flame             Fire/Alch      6%         2d4       67%         4
 Silence                  Hex/Air        7%         N/A       77%         5
 Summon Mana Viper        Hex/Summ       6%         N/A       95%         5
 Ignition                 Fire           3%         3d4       100%        8


Dungeon Overview and Level Annotations

Branches:
Dungeon (11/15)            Temple (1/1) D:6            Lair (2/5) D:8
  Sewer (visited)         Gauntlet (1/1)
  Swamp: Lair:2-3    Shoals: Lair:2-3     Snake: Lair:2-3    Spider: Lair:2-3
    Orc: D:9-12

Altars:
Ashenzari
Cheibriados
Dithmenos
Fedhas
Gozag
Hepliaklqana
Kikubaaqudgha
Makhleb
Nemelex Xobeh
Okawaru
Qazlal
Ru
Sif Muna
Trog
Uskayaw
Vehumet
Wu Jian
Xom
Yredelemnul
Zin
The Shining One

Shops:
D:6 =   D:11 ?

Annotations:
Gauntlet 13 transporters, 15 runed translucent doors, exclusion: lightning spire


Innate Abilities, Weirdness & Mutations

You are an insubstantial wisp.
Your tiny insubstantial body is highly resistant to most damage types.
You are flying.
Your equipment is entirely melded.
You are incapable of wielding weapons or throwing items.
You cannot cast spells.
You cannot wear most types of armour.
((You are amphibious.))
((You can wear up to eight rings at the same time.))
((Your skin changes colour to match your surroundings (Stealth+).))
((Your rubbery body absorbs attacks. (AC +1, EV +1)))
((You are camouflaged when in or above water. (Stealth+)))
((You have tentacles for arms and can constrict up to eight enemies at once.))


Message History

The green ugly thing attacks as it pursues you!
The green ugly thing closely misses you.
The great orb of eyes attacks as it pursues you!
The great orb of eyes misses you. The green ugly thing gores you.
There is an open translucent door here.
The great orb of eyes attacks as it pursues you!
The great orb of eyes closely misses you.
You reach down and open the large door.
The great orb of eyes completely misses you.
The great orb of eyes gazes at you.
Your mind is blasted!
Ouch! That really hurt!
There is a large open translucent door here.
You take 50 damage, and have 28/84 hp.
MASSIVE DAMAGE!!
Okay, then.
The occultist shouts!
Blink to where?
Press: ? - help, Dir - move target, p - great orb of eyes
There is a door there.
Okay, then.
The green ugly thing gores you!
* * * LOW HITPOINT WARNING * * *
The white imp shouts, "Go and return not, thou fobbing dismal-dreaming wastrel!"
The white imp grins evilly.
The great orb of eyes bites you but does no damage.
There is a large open translucent door here.
You take 7 damage, and have 21/84 hp.
Blink to where?
Press: ? - help, Dir - move target, f - you, p - great orb of eyes
Okay, then.
Unknown command.
Okay, then.
Unknown command.
You can't do that in your present form.
As you read the scroll of fear, it crumbles to dust.
You assume a fearsome visage.
The green ugly thing looks frightened!
The great orb of eyes resists with almost no effort.
The great orb of eyes gazes at you.
Your mind is blasted!
You die...

©?...#...#..=?©.[..#§#..p$©|...#.
.....#...#.........#≈#.........#.
....##...#..#'''#..#≈#..#...#..#.
#.##.#...#++#...#++#≈#.........#.
##...#...#..+...+..#ß#5...©....#.
#©...#...#..+...+..#§#5.......5#.
.#...#...#++#'#+#++#§#p.#...#..#.
.#..y#...#..+..G'..#≈#5......p.#.
..#yy#...#..+.u.v..#§#p5....p5.#.
######...#######################.
©#.....≈.....#©...........©#....§
##....≈ß≈....#######.#######....§
.......≈...........#.#........###
######...###########.#........#ß#
.....#...#.........#.#..#########
..##.#...#.##...##.#.#..#ß#
.#.#.#...#..##.##..#.#..###


You could see a great orb of eyes, a green ugly thing (fleeing), an occultist,
an arcanist, 3 white imps and a shadow imp.

Vanquished Creatures
  3 two-headed ogres
  A soul eater (Gauntlet)
  Maurice (D:11)
  A black mamba (Lair:1)
  An ugly thing (D:9)
  Maggie (D:9)
  A cane toad (Lair:1)
  4 rime drakes
  A torpor snail (Lair:2)
  A komodo dragon (D:11)
  2 trolls (D:11)
  A polar bear (D:8)
  2 hornets (D:9)
  3 dream sheep (Lair:1)
  13 blink frogs (Lair:1)
  2 shadows
  27 yaks
  A vampire (D:9)
  3 wraiths
  2 wyverns
  A steam dragon (D:6)
  2 vampire mosquitoes (D:11)
  4 water moccasins
  3 orc warriors
  Pargi (Sewer)
  5 sky beasts
  7 ice beasts (D:8)
  3 wolves (D:8)
  2 centaurs
  A phantom (D:6)
  8 bullfrogs
  2 kobold brigands
  A gnoll sergeant (D:6)
  15 wights
  11 killer bees
  2 howler monkeys (D:8)
  A bombardier beetle (D:4)
  A hound (D:4)
  A jelly (D:7)
  A gnoll bouda (Lair:1)
  3 orc priests
  2 iguanas
  5 orc wizards
  4 adders
  5 gnolls
  3 shadow imps
  4 ufetubi (D:6)
  5 dart slugs
  4 ribbon worms
  28 orcs
  4 bats
  6 endoplasms
  A giant cockroach (D:2)
  5 goblins
  9 hobgoblins
  9 jackals
  2 quokkas
  7 ball pythons
  6 frilled lizards
  20 kobolds
  3 rats (D:2)
278 creatures vanquished.

Vanquished Creatures (collateral kills)
  3 boulders
3 creatures vanquished.

Grand Total: 281 creatures vanquished

Notes
Turn   | Place    | Note
-------+----------+-------------------------------------------
     0 | D:1      | jasper the Octopode Earth Elementalist began the quest for
                  | the Orb.
     0 | D:1      | Reached XP level 1. HP: 11/11 MP: 3/3
   220 | D:1      | Reached XP level 2. HP: 17/17 MP: 1/5
  1050 | D:1      | Reached XP level 3. HP: 21/21 MP: 2/6
  1054 | D:1      | Learned a level 3 spell: Passwall
  1207 | D:2      | Reached skill level 5 in Stealth
  1616 | D:2      | Reached XP level 4. HP: 27/27 MP: 4/7
  1620 | D:2      | Learned a level 3 spell: Stone Arrow
  2220 | D:2      | Identified 3 scrolls of acquirement
  2220 | D:2      | Acquired the amulet "Xuluh" {RegenMP+ rCorr Str+3}
  2227 | D:2      | Acquired the +0 buckler of the Salamander {Int+3}
  2228 | D:2      | Acquired a staff of earth
  2503 | D:3      | Found a snail-covered altar of Cheibriados.
  2522 | D:3      | You fall into a shaft and drop 1 floor!
  2617 | D:4      | Reached XP level 5. HP: 31/31 MP: 6/8
  2630 | D:4      | Reached skill level 5 in Earth Magic
  2801 | D:4      | Found a glowing drain.
  2811 | Sewer    | Entered a sewer
  2853 | Sewer    | Noticed Pargi
  2858 | Sewer    | Killed Pargi
  2859 | Sewer    | Reached XP level 6. HP: 36/36 MP: 7/9
  3433 | D:4      | Found a bloodstained altar of Trog.
  3540 | D:5      | Entered Level 5 of the Dungeon
  3559 | D:5      | Noticed a steam dragon
  3787 | D:5      | Noticed an orc warrior
  3794 | D:5      | Killed an orc warrior
  3853 | D:6      | Reached XP level 7. HP: 41/41 MP: 8/10
  4034 | D:6      | Found a staircase to the Ecumenical Temple.
  4038 | D:6      | Noticed a steam dragon
  4041 | Temple   | Entered the Ecumenical Temple
  4061 | Temple   | Became a worshipper of Ashenzari the Shackled
  4113 | D:6      | Killed a steam dragon
  4389 | D:6      | Found a radiant altar of Vehumet.
  4445 | D:6      | Found Vela's Jewellery Emporium.
  4730 | D:6      | Found an ornate altar of the Wu Jian Council.
  4914 | D:6      | Reached skill level 5 in Conjurations
  4914 | D:6      | Reached XP level 8. HP: 36/46 MP: 7/11
  5066 | D:6      | Learned a level 4 spell: Brom's Barrelling Boulder
  5069 | D:6      | Reached skill level 1 in Fighting
  5069 | D:6      | Reached skill level 1 in Shields
  5565 | D:7      | Found a shadowy altar of Dithmenos.
  5607 | D:7      | Found a blossoming altar of Fedhas.
  5621 | D:7      | Found a sparkling altar of Nemelex Xobeh.
  5942 | D:7      | Reached XP level 9. HP: 56/56 MP: 11/14
  6021 | D:7      | Found a hide-covered altar of Uskayaw.
  6042 | D:7      | Found a burning altar of Makhleb.
  6378 | D:8      | Reached * piety under Ashenzari
  6390 | D:8      | Noticed a polar bear
  6390 | D:8      | Noticed a rime drake
  6401 | D:8      | Reached skill level 5 in Dodging
  6419 | D:8      | Killed a polar bear
  6420 | D:8      | Reached skill level 5 in Fighting
  6420 | D:8      | Reached skill level 5 in Shields
  6420 | D:8      | Reached skill level 5 in Spellcasting
  6422 | D:8      | Reached XP level 10. HP: 50/68 MP: 6/19
  6445 | D:8      | Learned a level 3 spell: Swiftness
  6643 | D:8      | Found a staircase to the Lair.
  6738 | D:8      | Reached skill level 1 in Air Magic
  7099 | D:8      | Reached skill level 1 in Staves
  7276 | Lair:1   | Entered Level 1 of the Lair of Beasts
  7287 | D:8      | Reached skill level 1 in Evocations
  7342 | D:9      | Identified the Folio of Toxic Rallying
  7393 | D:9      | Reached skill level 2 in Staves
  7396 | D:9      | Noticed a two-headed ogre
  7400 | D:9      | Killed a two-headed ogre
  7401 | D:9      | Reached skill level 3 in Staves
  7419 | D:9      | Found a sacrificial altar of Ru.
  7430 | D:9      | Noticed Maggie
  7438 | D:9      | Killed Maggie
  7525 | D:9      | Reached ** piety under Ashenzari
  7528 | D:9      | Found a glowing silver altar of Zin.
  7573 | D:9      | Reached skill level 4 in Staves
  7628 | D:9      | Noticed a cyan ugly thing
  7629 | D:9      | Killed a cyan ugly thing
  7630 | D:9      | Reached XP level 11. HP: 76/76 MP: 17/21
  7731 | D:9      | Reached skill level 5 in Staves
  8124 | D:10     | Entered Level 10 of the Dungeon
  8128 | D:10     | Found a glowing golden altar of the Shining One.
  8389 | D:10     | Found an ancient bone altar of Kikubaaqudgha.
  9221 | D:11     | Found Rapsunarph's Magic Scroll Shoppe.
  9224 | D:11     | Bought a scroll of blinking for 90 gold pieces
  9256 | D:11     | Reached skill level 6 in Staves
  9460 | D:11     | Noticed Maurice
  9477 | D:11     | Maurice stole an amulet of guardian spirit
  9482 | D:11     | Maurice stole a +0 spear
  9484 | D:11     | Killed Maurice
  9493 | D:11     | Reached skill level 5 in Evocations
  9639 | D:11     | Learned a level 3 spell: Mephitic Cloud
  9683 | D:11     | Found a glowing silver altar of Zin.
  9698 | D:11     | Noticed a two-headed ogre
  9703 | D:11     | Killed a two-headed ogre
  9704 | D:11     | Reached skill level 7 in Staves
  9704 | D:11     | Noticed a two-headed ogre
  9724 | D:11     | Killed a two-headed ogre
  9905 | D:11     | Noticed a tengu warrior
 10811 | Lair:1   | Reached skill level 8 in Staves
 10878 | Lair:1   | Reached XP level 12. HP: 66/86 MP: 19/22
 11090 | Lair:1   | Reached skill level 9 in Staves
 11717 | Lair:1   | Learned a level 4 spell: Leda's Liquefaction
 12048 | Lair:2   | Reached skill level 10 in Staves
 12247 | Lair:2   | Found a gate leading to a gauntlet.
 12256 | Gauntlet | Entered a Gauntlet
 12256 | Gauntlet | Found a transporter.
 12256 | Gauntlet | Found a transporter.
 12300 | Gauntlet | Found a transporter.
 12300 | Gauntlet | Found a transporter.
 12302 | Gauntlet | Found a large runed translucent door.
 12303 | Gauntlet | Found a large runed translucent door.
 12304 | Gauntlet | Found a large runed translucent door.
 12304 | Gauntlet | Found a large runed translucent door.
 12304 | Gauntlet | Found a runed translucent door.
 12304 | Gauntlet | Found a runed translucent door.
 12305 | Gauntlet | Found a large runed translucent door.
 12306 | Gauntlet | Found a large runed translucent door.
 12307 | Gauntlet | Found a large runed translucent door.
 12307 | Gauntlet | Found a large runed translucent door.
 12308 | Gauntlet | Found a runed translucent gate.
 12308 | Gauntlet | Found a runed translucent gate.
 12308 | Gauntlet | Found a runed translucent gate.
 12309 | Gauntlet | Noticed a great orb of eyes
 12310 | Gauntlet | Found a transporter.
 12310 | Gauntlet | Identified the ring of Xom's Capriciousness {rC+ rN+ rCorr}
 12318 | Gauntlet | Identified the amulet of Relativism {Acrobat rElec}
 12320 | Gauntlet | Found a transporter.
 12320 | Gauntlet | Found a transporter.
 12326 | Gauntlet | Noticed a hell hog
 12344 | Gauntlet | Found a transporter.
 12351 | Gauntlet | Found a transporter.
 12360 | Gauntlet | Found a large runed translucent door.
 12361 | Gauntlet | Found a large runed translucent door.
 12363 | Gauntlet | Found a transporter.
 12364 | Gauntlet | Found a large runed translucent door.
 12365 | Gauntlet | Found a large runed translucent door.
 12381 | Gauntlet | Found a transporter.
 12396 | Gauntlet | Noticed a soul eater
 12401 | Gauntlet | Found a large runed translucent door.
 12401 | Gauntlet | Found a large runed translucent door.
 12402 | Gauntlet | Found a large runed translucent door.
 12403 | Gauntlet | Found a large runed translucent door.
 12409 | Gauntlet | Found a transporter.
 12446 | Gauntlet | Found a transporter.
 12449 | Gauntlet | Noticed a thrashing horror
 12462 | Gauntlet | Noticed a thrashing horror
 12462 | Gauntlet | Identified the ring of Etukec {Ice +Blink rElec Will-
                  | Str+3}
 12464 | Gauntlet | Found a transporter.
 12471 | Gauntlet | Identified the ring "Gyboisypn" {rC+ rCorr}
 12566 | Gauntlet | Found a transporter.
 12573 | Gauntlet | Noticed an occultist
 12580 | Gauntlet | Found a transporter.
 12589 | Gauntlet | Identified the amulet "Cuffue" {rPois rC+ Regen+ Str+3}
 12675 | Gauntlet | Killed a soul eater
 12784 | Gauntlet | Reached *** piety under Ashenzari
 12848 | Gauntlet | Blown up by a great orb of eyes

Illustrated notes

Levels and vault maps discovered:
D:1:      shiori_arrival_maze, layout_loops_corners
D:2:      layout_loops_ring
D:3:      layout_loops_ring, overflow_temple_1_default,
          chequers_serial_rivers_micro_e, minmay_tree_intersection
D:4:      layout_loops_ring, mainiacjoe_overflow_alcove_4,
          cheibrodos_sewer_entry_sluice, minmay_quadrilaterals
D:5:      layout_basic, marbit_many_paths
D:6:      layout_loops_cross, lemuel_round_altar, vehumet_altar_wand_db,
          minmay_temple_entry_mini_moons, serial_co_window_serial,
          co_window_paths_b, co_window_paths_a, co_window_paths_b,
          co_window_paths_a, co_window_paths_b, co_window_corner_ca,
          co_window_corner_ca, co_window_paths_c, co_window_broadway_a,
          glass_columns_a, glass_columns_a, glass_columns_c, glass_columns_a,
          glass_columns_b, serial_shops, nicolae_shop_tiny_real_fake_doors,
          kennysheep_generic_room_11
D:7:      layout_loops_ring, mainiacjoe_overflow_alcove_1,
          nicolae_overflow_quartered_altars, chequers_serial_rivers_large_b
D:8:      layout_loops_corners, hellmonk_lair_entry_icy
D:9:      layout_basic, lemuel_crystal_altar, mainiacjoe_overflow_catwalk,
          uniq_maggie
D:10:     layout_irregular_city, mainiacjoe_overflow_paths, old_standard_altar,
          chequers_serial_rivers_small_3
D:11:     minmay_slanted_spiral_squares, layout_loops_cross, serial_shops,
          nicolae_shop_real_fake_doors, zin_statuary, uniq_maurice
Temple:   hellmonk_temple_of_storms
Lair:1:   layout_roguey, dreamdust_gnoll_shepherd
Lair:2:   nzn_winding_woodlands_large [nzn_winding_woodlands_hourglass,
          nzn_winding_woodlands_5x15_parted,
          nzn_winding_woodlands_5x5_perimeter,
          nzn_winding_woodlands_center_lodge,
          nzn_winding_woodlands_15x15_boxy_spiral,
          nzn_winding_woodlands_center_garden,
          nzn_winding_woodlands_5x5_default, nzn_winding_woodlands_5x15_eye,
          nzn_winding_woodlands_5x5_open_star], layout_cave_shapes,
          elwin_shoals_entry_rooms, nicolae_snake_entry_warm_welcome,
          gauntlet_entry_generic
Gauntlet: gammafunk_gauntlet_branching [gammafunk_gauntlet_arena_split_x,
          gammafunk_gauntlet_arena_corners, gammafunk_gauntlet_arena_hedges,
          minmay_gauntlet_arena_make_your_own_arena, nicolae_gauntlet_swirl,
          gammafunk_gauntlet_arena_crates, nicolae_gauntlet_arena_t_cross,
          gammafunk_gauntlet_arena_arrow_garden,
          dreamdust_gauntlet_exit_labyrinth]

Skill      XL: |  1  2  3  4  5  6  7  8  9 10 11 12 |
---------------+-------------------------------------+-----
Stealth        | 3 4 5 |  5.3
Earth Magic    | 4 6 7 |  7.0
Conjurations   | 5 |  5.0
Fighting       | 3 5 6 8 |  8.8
Shields        | 3 5 |  5.4
Dodging        | 3 5 6 |  6.0
Spellcasting   | 3 5 |  5.5
Air Magic      | 3 |  3.7
Staves         | 4 8 10 | 10.7
Evocations     | 3 6 8 |  8.3

Action                     |  1- 3 |  4- 6 |  7- 9 | 10-12 || total
---------------------------+-------+-------+-------+-------++-------
  Melee: Spear             |     6 |       |       |       ||     6
         Constrict         |     1 |       |     1 |     1 ||     3
         Tentacles         |     1 |       |       |     3 ||     4
         Staff             |       |       |     4 |     6 ||    10
   Cast: Sandblast         |    54 |    71 |    91 |   249 ||   465
         Stone Arrow       |       |       |    18 |    71 ||    89
         Brom's Barrelling |       |       |     2 |     1 ||     3
         Mephitic Cloud    |       |       |       |     1 ||     1
 Invoke: Curse Item        |       |       |     2 |     4 ||     6
  Evoke: Wand              |       |     2 |       |       ||     2
    Use: Scroll            |       |    11 |       |     1 ||    12
         Potion            |       |       |       |     1 ||     1
 Armour: Skin              |    14 |     9 |    20 |    85 ||   128
  Dodge: Dodged            |    17 |     6 |    41 |   173 ||   237
  Block: Buckler           |       |     2 |    13 |    64 ||    79

Table legend: (Time is in decaauts)
 A = Elapsed time spent in this place.
 B = Non-inter-level travel time spent in this place.
 C = Inter-level travel time spent in this place.
 D = Time resting spent in this place.
 E = Time spent auto-exploring this place.
 F = Levels seen in this place.
 G = Mean time per level.
                   A        B        C        D        E       F      G
               +--------+--------+--------+--------+--------+-----+--------+
         Total |  13111 |  12298 |    813 |    673 |   9671 |  16 |  819.4 |
       Dungeon |  10586 |   9878 |    708 |    319 |   8127 |  11 |  962.4 |
        Temple |     68 |     30 |     38 |     28 |      0 |   1 |   68.0 |
          Lair |   1649 |   1582 |     67 |    133 |   1116 |   2 |  824.5 |
         Sewer |    216 |    216 |      0 |    100 |     83 |   1 |  216.0 |
      Gauntlet |    591 |    591 |      0 |     93 |    345 |   1 |  591.0 |
               +--------+--------+--------+--------+--------+-----+--------+

Top non-repeatable levels by time:
  Lair:1: 1518 daAuts
     D:6: 1256 daAuts
     D:1: 1215 daAuts
     D:8: 1161 daAuts
     D:7: 1123 daAuts
     D:2: 1063 daAuts
    D:11: 1055 daAuts
     D:4: 953 daAuts
    D:10: 834 daAuts
     D:9: 826 daAuts
     D:3: 711 daAuts
Gauntlet: 591 daAuts
     D:5: 383 daAuts
   Sewer: 216 daAuts
  Lair:2: 131 daAuts
